AoeStats
← b站江条

Arabia

508225818Analyzed
1v1 RM · 11d ago on Sep 21, 2026· 35m 17s· 2 players
Game mode
Random Map
Map size
Tiny (2 player)
Population
200
Speed
Normal
Resources
Standard
Victory
Conquest
Starting age
Dark Age
Ending age
Imperial Age
RankedLock teamsTeams togetherTeam positionsShared explorationLock speedFull tech treeHidden civsTurbo modeCheats
Victory
Defeat
🇨🇳 Maya · China
1458
+14
🇨🇱 Persians · Chile
1407
-14
b站江条
0:25 Loom
8:55 Feudal Age
10:16 Double-Bit Axe
13:06 Town Watch
16:02 Fletching
21:39 Castle Age
20:10 Padded Archer Armor
20:10 Gold Mining
22:34 Wheelbarrow
21:48 Crossbowman
22:26 Bodkin Arrow
23:01 Horse Collar
23:53 Bow Saw
30:09 Thumb Ring
30:23 Leather Archer Armor
32:46 Imperial Age
30:58 Stone Mining
32:08 Ballistics
33:48 Hand Cart
33:40 Bracer
36:09 Conscription
HR RYGE
6:15 Loom
8:55 Feudal Age
9:20 Double-Bit Axe
14:10 Fletching
17:30 Padded Archer Armor
18:58 Town Watch
22:21 Castle Age
20:20 Horse Collar
21:37 Forging
22:47 Scale Barding Armor
22:54 Bloodlines
23:14 Bodkin Arrow
23:25 Elite Skirmisher
24:37 Elite Skirmisher
29:10 Ballistics
29:45 Leather Archer Armor
31:32 Wheelbarrow
31:12 Gold Mining
34:47 Chain Barding Armor
Connection lost

Rejoining the realm…

Still unreachable

The connection could not be restored.

Session expired

The server has moved on; the page needs a fresh start.